 Dungeon Crawl Stone Soup version 0.31.0-11-ge490571c62 (webtiles) character file.

Game seed: 2647375199501751095

62 benadryl the Chopper (level 3, 0/34 HPs)
             Began as a Minotaur Gladiator on Jan 31, 2024.
             Succumbed to an adder's poison
             ... on level 2 of the Dungeon.
             The game lasted 00:01:01 (1119 turns).

benadryl the Chopper (Minotaur Gladiator)           Turns: 1119, Time: 00:01:02

Health: 0/34       AC:  3    Str: 18    XL:     3   Next: 85%
Magic:  2/2        EV: 12    Int:  5    God:
Gold:   23         SH:  0    Dex: 13    Spells: 2/2 levels left

rFire   . . .        a - +0 war axe
rCold   . . .        (no shield)
rNeg    . . .        b - +0 leather armour
rPois   .            c - +0 hat
rElec   .            (no cloak)
rCorr   .            (no gloves)
SInv    .            (no boots)
Will    .....        (no amulet)
Stlth   +            (no ring)
HPRegen 0.25/turn    (no ring)
MPRegen 0.08/turn

%: no passive effects
@: lethally poisoned (0 -> -1), attractive, hasted, very quick
A: horns 2, retaliatory headbutt
a: no special abilities


You were on level 2 of the Dungeon.
You visited 1 branch of the dungeon, and saw 2 of its levels.

You collected 23 gold pieces.

Inventory:

Hand Weapons
 a - a +0 war axe (weapon)
Missiles
 d - 3 throwing nets (quivered)
 e - a javelin
Armour
 b - a +0 leather armour (worn)
 c - a +0 hat (worn)
 l - a +0 pair of boots
Scrolls
 f - a scroll of vulnerability {unknown}
 g - a scroll of enchant armour {unknown}
 i - a scroll of fog {unknown}
Potions
 j - a potion of magic


   Skills:
 * Level 4.4 Fighting
 + Level 4.4 Axes
 - Level 2.0 Throwing
 - Level 3.2 Dodging


You had 2 spell levels left.
You didn't know any spells.
Your spell library contained the following spells:

 Spells                   Type           Power      Damage    Failure   Level
 Jinxbite                 Hex            0%         N/A       67%         2
 Yara's Violent Unravell  Hex/Alch       0%         3d3       100%        5
 Enfeeble                 Hex            0%         N/A       100%        7


Dungeon Overview and Level Annotations

Branches:
Dungeon (2/15)

Altars:

Shops:
D:1 =


Innate Abilities, Weirdness & Mutations

You have a pair of horns on your head.
You reflexively headbutt those who attack you in melee.


Message History

You barely miss the frilled lizard. You headbutt the frilled lizard.
You kill the frilled lizard!
You hit the adder.
You feel sick. The adder completely misses you. You furiously retaliate!
You headbutt the adder.
You feel sick.
The adder barely misses you. x2; You furiously retaliate!
You headbutt the adder.
You see here a frilled lizard corpse.
You miss the adder.
The adder is almost dead.
You barely miss the goblin.
You feel sick. The adder bites you.
You are more poisoned.
The adder poisons you! The goblin hits you with a +0 club.
It was a potion of magic.
Magic courses through your body.
You feel sick. The adder barely misses you. You furiously retaliate!
You headbutt the adder!
You kill the adder!
The goblin hits you with a +0 club.
* * * LOW HITPOINT WARNING * * *
You hit the goblin.
You kill the goblin!
You closely miss the rat.
You feel sick. The rat bites you.
* * * LOW HITPOINT WARNING * * *
It was a potion of attraction.
You feel attractive to monsters.
* * * LOW HITPOINT WARNING * * *
You feel sick. The rat barely misses you.
It was a potion of haste.
You feel yourself speed up.
* * * LOW HITPOINT WARNING * * *
You feel sick. The rat closely misses you.
Okay, then.
Okay, then.
Sorry, you're not good enough to have a special ability.
You closely miss the rat.
* * * LOW HITPOINT WARNING * * *
You feel sick. The rat closely misses you. You furiously retaliate!
You headbutt the rat. You slash the rat!
You kill the rat!
Okay, then.
Okay, then.
You die...

.)>...........).......
#.#..##.###...........
#.#...#.######)...#.#.
#.#........# #....# #
#.#...#.##.# #....#
#.......##.# #....# #
###.....##.# #†#)##.#
......####.# #.†....####
...#.......# ###@.......
...##########.....$.#.#.
#### #.##...## # ...##
##.. ... ... ....


There were no monsters in sight!

Vanquished Creatures
  Terence (D:2)
  An adder (D:2)
  2 dart slugs (D:1)
  An orc (D:2)
  3 endoplasms (D:1)
  2 giant cockroaches (D:2)
  3 hobgoblins
  A ball python (D:1)
  A bat (D:1)
  3 frilled lizards
  A goblin (D:2)
  3 kobolds
  3 rats
25 creatures vanquished.

Notes
Turn   | Place    | Note
-------+----------+-------------------------------------------
     0 | D:1      | benadryl the Minotaur Gladiator began the quest for the
                  | Orb.
     0 | D:1      | Reached XP level 1. HP: 18/18 MP: 0/0
   109 | D:1      | Reached XP level 2. HP: 24/26 MP: 1/1
   271 | D:1      | Found Yghif's Jewellery Emporium.
  1091 | D:2      | Noticed Terence
  1097 | D:2      | Killed Terence
  1098 | D:2      | Reached XP level 3. HP: 19/33 MP: 2/2
  1117 | D:2      | HP: 1/34 [poisoned by an adder]
  1119 | D:2      | Succumbed to an adder's poison

Illustrated notes

Levels and vault maps discovered:
D:1:      hellmonk_arrival_library, layout_basic, serial_shops, shop
D:2:      layout_loops_cross, minmay_split_cup_large, uniq_terence

Skill      XL: |  1  2 |
---------------+-------+-----
Fighting       | 3 4 |  4.4
Axes           | 4 |  4.4
Throwing       | |  2.0
Dodging        | |  3.2

Action                     || total
---------------------------++-------
  Melee: War axe           ||    51
         Headbutt          ||    10
    Use: Potion            ||     3
 Armour: Leather armour    ||    34
  Dodge: Dodged            ||    31
